 Dungeon Crawl Stone Soup version 0.28-a0-1213-g0243856f03 (webtiles) character file.

Game seed: 5155415023706546347

51 siradein the Caller (level 3, -3/26 HPs)
             Began as a Draconian Summoner on Dec 21, 2021.
             Slain by Sigmund (9 damage)
             ... on level 2 of the Dungeon.
             The game lasted 00:03:37 (2595 turns).

siradein the Caller (Draconian Summoner)            Turns: 2595, Time: 00:03:38

Health: -3/26      AC:  5    Str: 10    XL:     3   Next: 58%
Magic:  4/7        EV: 12    Int: 17    God:
Gold:   112        SH:  0    Dex: 11    Spells: 1/7 levels left

rFire   . . .      SeeInvis .   e - +0 dagger (flame)
rCold   . . .      Faith    .   (no shield)
rNeg    . . .      Spirit   .   (armour unavailable)
rPois   .          Reflect  .   (helmet restricted)
rElec   .          Harm     .   (no cloak)
rCorr   .          Rampage  .   (no gloves)
Will    .....                   (no boots)
Stlth   +.........              (no amulet)
HPRegen 0.08/turn               (no ring)
MPRegen 0.10/turn               (no ring)

@: confused
A: AC +5, unfitting armour, cold-blooded
a: no special abilities


You were on level 2 of the Dungeon.
You visited 1 branch of the dungeon, and saw 2 of its levels.

You collected 112 gold pieces.

Inventory:

Hand Weapons
 e - a +0 dagger of flaming (weapon)
Scrolls
 b - 2 scrolls of identify {unknown}
 d - a scroll of teleportation {unknown}
Potions
 a - a potion of ambrosia {unknown}
 c - 2 potions of degeneration {unknown}


   Skills:
 + Level 2.5 Dodging
 - Level 1.8 Stealth
 + Level 2.6 Spellcasting
 + Level 4.4 Summonings


You had one spell level left.
You knew the following spells:

 Your Spells              Type           Power      Damage    Failure   Level
a - Summon Small Mammal   Summ           68%        N/A       3%          1
b - Call Imp              Summ           17%        N/A       4%          2
c - Call Canine Familiar  Summ           17%        N/A       9%          3

Your spell library contained the following spells:

 Spells                   Type           Power      Damage    Failure   Level
 Summon Guardian Golem    Hex/Summ       9%         N/A       22%         3
 Summon Lightning Spire   Summ/Air       9%         N/A       58%         4


Dungeon Overview and Level Annotations

Branches:
Dungeon (2/15)

Altars:

Annotations:
D:2 Sigmund


Innate Abilities, Weirdness & Mutations

Your plain brown scales are hard. (AC +5)
You cannot fit into any form of body armour.
You are cold-blooded and may be slowed by cold attacks.


Message History

Your crimson imp blinks!
There is an open door here.
You are confused.
You bump into the rock wall.
You're too confused to move!
You hear some strange, mumbled words.
A puff of flame appears from out of thin air!
The puff of flame hits you.
Your crimson imp hits something.
Something hits you.
Your crimson imp barely misses something.
You feel less confused.
Your crimson imp barely misses something.
There is an open door here.
You hear some strange, mumbled words.
You are confused.
You're too confused to move!
You're too confused to move!
Something hits you!
Your crimson imp barely misses something.
You feel less confused. Something hits you but does no damage.
Your crimson imp misses something.
Your crimson imp closely misses something.
Your crimson imp blinks!
Casting: Call Canine Familiar (quite dangerous; 9% risk of failure)
Confirm with . or Enter, or press ? or * to list all spells.
The spell is quite dangerous to miscast (9% risk of failure)!
Continue anyway? [Y]es or [N]o only, please.
The spell is quite dangerous to miscast (9% risk of failure)!
Continue anyway? [Y]es or [N]o only, please.
The spell is quite dangerous to miscast (9% risk of failure)!
Continue anyway?
Something hits you!
* * * LOW HITPOINT WARNING * * *
Your crimson imp disappears in a puff of smoke!
Your hound barely misses something.
Your hound bites something.
Your hound bites something.
You hear some strange, mumbled words.
You are confused.
You bump into the rock wall.
Your hound closely misses something.
You bump into the rock wall.
Your hound bites something.
Something hits you!
You die...

###......#..# #.# #.. .... #
#######.#.# #.# ### #### # ##.##
##.### # ## #.# #....# ## .## #.#
#..#.# ##. ..## ##.# #..#.# ##..
...## ##..# #..#.## ##...
....####...#########.....####....
....'...........@..h........'....
....####...#########.#...####....
...## #......# #.....# ##... ..##
#.#.##.# #####.# ##.. .##
#.#.##.# #...# ##. ## #.#.##.#
#.### ## # #.#.##.# #.# #. #
#.#.##.# #.# #. ## #.#.##.# #.#
#.


You could see a friendly hound (summoned).

Vanquished Creatures
  An adder (D:2)
  3 bats
  An endoplasm (D:2)
  3 goblins
  A hobgoblin (D:2)
  A kobold (D:1)
  3 frilled lizards
  A rat (D:1)
14 creatures vanquished.

Vanquished Creatures (collateral kills)
  4 ball pythons (D:1)
  3 bats
  An endoplasm (D:1)
  A goblin (D:1)
  3 hobgoblins (D:1)
  2 kobolds
  4 quokkas
  7 rats
25 creatures vanquished.

Vanquished Creatures (others)
  2 fungi (D:1)
  2 plants (D:1)
4 creatures vanquished.

Grand Total: 43 creatures vanquished

Notes
Turn   | Place    | Note
-------+----------+-------------------------------------------
     0 | D:1      | siradein the Draconian Summoner began the quest for the
                  | Orb.
     0 | D:1      | Reached XP level 1. HP: 14/14 MP: 3/3
   172 | D:1      | Reached XP level 2. HP: 4/20 MP: 3/5
   193 | D:1      | Learned a level 2 spell: Call Imp
  1397 | D:1      | Found a faded altar of an unknown god.
  1641 | D:2      | Reached XP level 3. HP: 17/26 MP: 3/6
  1645 | D:2      | Learned a level 3 spell: Call Canine Familiar
  2193 | D:2      | Noticed Sigmund
  2595 | D:2      | Slain by Sigmund

Illustrated notes

Levels and vault maps discovered:
D:1:      wheals_arrival_linesprint, layout_basic, shapermc_ecumenical_altar_gd
D:2:      layout_loops_corners, basic_altar, kennysheep_generic_room_15,
          uniq_sigmund

Skill      XL: |  1 |
---------------+----+-----
Dodging        | 2 |  2.5
Stealth        | |  1.8
Spellcasting   | |  2.6
Summonings     | |  4.4

Action                   || total
-------------------------++-------
Melee: Unarmed           ||    84
       Tailslap          ||     6
       Dagger            ||     8
 Cast: Summon Small Mamm ||     9
       Call Imp          ||    20
       Call Canine Famil ||     2
 Stab: Sleeping          ||     1
Armor: Skin              ||    48
Dodge: Dodged            ||   116

Table legend: (Time is in decaauts)
 A = Elapsed time spent in this place.
 B = Non-inter-level travel time spent in this place.
 C = Inter-level travel time spent in this place.
 D = Time resting spent in this place.
 E = Time spent auto-exploring this place.
 F = Levels seen in this place.
 G = Mean time per level.
                   A        B        C        D        E       F      G
               +--------+--------+--------+--------+--------+-----+--------+
         Total |   2594 |   2580 |     14 |     23 |   2006 |   2 | 1297.0 |
       Dungeon |   2594 |   2580 |     14 |     23 |   2006 |   2 | 1297.0 |
               +--------+--------+--------+--------+--------+-----+--------+

Top non-repeatable levels by time:
     D:1: 1573 daAuts
     D:2: 1021 daAuts
